 Dungeon Crawl Stone Soup version 0.28-a0-909-g796cbd3a86 (webtiles) character file.

Game seed: 17840718924621443635

22 BinkBink the Skirmisher (level 2, 0/24 HPs)
             Began as a Demonspawn Monk on Nov 25, 2021.
             Was a Priest of Vehumet.
             Slain by a goblin (1 damage)
             ... on level 2 of the Dungeon.
             The game lasted 00:01:31 (747 turns).

BinkBink the Skirmisher (Demonspawn Monk)            Turns: 747, Time: 00:01:32

Health: 0/24       AC:  2    Str: 11    XL:     2   Next: 68%
Magic:  2/2        EV: 13    Int: 11    God:    Vehumet [***...]
Gold:   101        SH:  0    Dex: 15    Spells: 2/2 levels left

rFire   . . .      SeeInvis .   a - +0 short sword
rCold   . . .      Faith    .   (no shield)
rNeg    . . .      Spirit   .   b - +0 robe
rPois   .          Reflect  .   (no helmet)
rElec   .          Harm     .   (no cloak)
rCorr   .          Rampage  .   (no gloves)
Will    .....                   (no boots)
Stlth   ++........              (no amulet)
HPRegen 0.08/turn               (no ring)
MPRegen 0.08/turn               (no ring)

@: lethally poisoned (0 -> -16)
A: powered by death 1
a: Renounce Religion


You were on level 2 of the Dungeon.
You worshipped Vehumet.
Vehumet was most pleased with you.
You visited 1 branch of the dungeon, and saw 2 of its levels.

You collected 101 gold pieces.

Inventory:

Hand Weapons
 a - a +0 short sword (weapon)
Armour
 b - a +0 robe (worn)
Jewellery
 e - a ring of protection from fire
Scrolls
 c - 2 scrolls of identify
 d - a scroll of enchant armour {unknown}
 f - a scroll of teleportation {unknown}
 g - a scroll of summoning {unknown}
 h - a scroll of fog


   Skills:
 + Level 3.3 Fighting
 + Level 3.0 Short Blades
 + Level 3.0 Dodging
 - Level 1.7 Stealth
 * Level 0.5 Spellcasting


You had 2 spell levels left.
You didn't know any spells.
Your spell library was empty.

Dungeon Overview and Level Annotations

Branches:
Dungeon (2/15)

Altars:
Vehumet


Innate Abilities, Weirdness & Mutations

You regenerate a little health from kills.


Message History

Found 17 stones.
c - 3 scrolls labelled SINGUWNI REORA (gained 1)
You now have 92 gold pieces (gained 16).
You now have 101 gold pieces (gained 9).
A goblin comes into view. It is wielding a +0 club.
The goblin shouts!
The goblin closely misses you.
You barely miss the goblin. You hit the goblin.
You kill the goblin!
Vehumet accepts your kill.
No target in view!
No target in view!
Things that are here:
a +0 club; a goblin corpse
h - a scroll labelled FOSU CUOVESE A goblin comes into view.
It is wielding a +0 dagger of venom.
The goblin shouts!
The goblin hits you with a +0 dagger of venom.
You are poisoned.
You barely miss the goblin.
You feel very sick.
The goblin hits you with a +0 dagger of venom.
You are lethally poisoned!
You barely miss the goblin.
You feel very sick.
The goblin hits you with a +0 dagger of venom.
You are more poisoned.
You are too injured to fight recklessly!
You are too injured to fight recklessly!
* * * LOW HITPOINT WARNING * * *
You feel very sick.
You aren't carrying any potions.
As you read the scroll labelled SINGUWNI REORA, it crumbles to dust.
It is a scroll of identify.
h - a scroll of fog
* * * LOW HITPOINT WARNING * * *
You feel very sick.
The goblin hits you with a +0 dagger of venom.
You die...

####### ......##
.....# #. ..#
#..####.♣♣♣ .## ##..
#.@g......P
#...##..####.######PP.
#. P...........#
###P♣♣...........#
....P.P##........#
#..............#
#.....)........# #
#.....##.......#
#.##.##.###.......#


You could see a goblin.

Vanquished Creatures
  An endoplasm (D:1)
  A giant cockroach (D:1)
  4 goblins
  6 hobgoblins
  A bat (D:1)
  3 kobolds (D:1)
  2 rats (D:1)
18 creatures vanquished.

Vanquished Creatures (others)
  A plant (D:2)
1 creature vanquished.

Grand Total: 19 creatures vanquished

Notes
Turn   | Place    | Note
-------+----------+-------------------------------------------
     0 | D:1      | BinkBink the Demonspawn Monk began the quest for the Orb.
     0 | D:1      | Reached XP level 1. HP: 18/18 MP: 1/1
     9 | D:1      | Found a faded altar of an unknown god.
    44 | D:1      | Prayed at the altar of an unknown god.
    44 | D:1      | Became a worshipper of Vehumet
    44 | D:1      | Reached * piety under Vehumet
    44 | D:1      | Offered knowledge of Freeze by Vehumet.
    44 | D:1      | Reached ** piety under Vehumet
   193 | D:1      | Offered knowledge of Searing Ray by Vehumet.
   194 | D:1      | Gained mutation: You regenerate a little health from kills.
                  | [demonic ancestry]
   194 | D:1      | Reached XP level 2. HP: 24/24 MP: 2/2
   389 | D:1      | Offered knowledge of Stone Arrow by Vehumet.
   412 | D:1      | Reached *** piety under Vehumet
   747 | D:2      | HP: 1/24 [poisoned by a goblin]
   747 | D:2      | Slain by a goblin

Illustrated notes

Levels and vault maps discovered:
D:1:      minmay_arrival_four_houses, layout_basic, basic_ecumenical_altar
D:2:      layout_loops_cross, serial_forest, infiniplex_forest_end_2,
          infiniplex_forest_corner_1, infiniplex_forest_clump_tiny,
          infiniplex_forest_lined_corner, infiniplex_forest_lined_2,
          infiniplex_forest_straight_1, infiniplex_forest_lined_corner,
          infiniplex_forest_3_way, infiniplex_forest_join, uniq_robin

Skill      XL: |  1  2 |
---------------+-------+-----
Short Blades   | 3 |  3.0
Dodging        | 3 |  3.0
Fighting       | |  3.3
Stealth        | |  1.7
Spellcasting   | |  0.5

Action                   || total
-------------------------++-------
Melee: Short sword       ||    55
  Use: Scroll            ||     1
 Stab: Sleeping          ||     1
Armor: Robe              ||     6
Dodge: Dodged            ||    29

Table legend: (Time is in decaauts)
 A = Elapsed time spent in this place.
 B = Non-inter-level travel time spent in this place.
 C = Inter-level travel time spent in this place.
 D = Time resting spent in this place.
 E = Time spent auto-exploring this place.
 F = Levels seen in this place.
 G = Mean time per level.
                   A        B        C        D        E       F      G
               +--------+--------+--------+--------+--------+-----+--------+
         Total |    744 |    727 |     17 |      0 |    591 |   2 |  372.0 |
       Dungeon |    744 |    727 |     17 |      0 |    591 |   2 |  372.0 |
               +--------+--------+--------+--------+--------+-----+--------+

Top non-repeatable levels by time:
     D:1: 643 daAuts
     D:2: 101 daAuts
